 Dungeon Sprint DCSS version 0.27-a0-1065-ge809cff456 (webtiles) character file.

Game seed: 13097107400519064999

12903 mhtbhm the Scorcher (level 11, -7/54 HPs)
             Began as a Deep Elf Fire Elementalist on Apr 22, 2021.
             Was the Champion of Vehumet.
             Mangled by a quicksilver dragon (10 damage)
             ... in the Dungeon (Sprint V: "Ziggurat Sprint").
             The game lasted 00:06:34 (1153 turns).

mhtbhm the Scorcher (Deep Elf Fire Elementalist)    Turns: 1153, Time: 00:06:35

Health: -7/54      AC:  7    Str:  5    XL:     11   Next: 68%
Magic:  34/34      EV: 18    Int: 37    God:    Vehumet [******]
Gold:   0          SH:  5    Dex: 15    Spells: 28/44 levels left

rFire    + . .     SeeInvis .   C - +8 lance "Wyrmbane" {slay drac, rPois rF+ rC+ AC+3}
rCold    + + .     Faith    .   (no shield)
rNeg     . . .     Spirit   .   a - +0 robe
rPois    +         Reflect  +   (no helmet)
rElec    +         Harm     .   r - +1 cloak {Stlth+}
rCorr    .         Rampage  .   (no gloves)
Will     +....     NoTele   +   (no boots)
Stlth    ++++......             F - amulet of reflection
HPRegen  0.18/turn              u - +6 ring of intelligence
MPRegen  0.24/turn              G - ring "Qafoukhla" {Wiz rElec rC+ Int+7}

@: studying Polearms
A: no striking features
a: Renounce Religion


You were in the Dungeon.
You worshipped Vehumet.
Vehumet was exalted by your worship.
You visited 1 branch

Inventory:

Hand Weapons
 C - the +8 lance "Wyrmbane" (weapon) {slay drac, rPois rF+ rC+ AC+3}
   (You found it in the Dungeon)

   It affects your AC (+3).
   It protects you from fire.
   It protects you from cold.
   It protects you from poison.
Missiles
 D - 3 curare-tipped darts (quivered)
Armour
 a - a +0 robe (worn)
 r - a +1 cloak of stealth (worn)
Jewellery
 u - a +6 ring of intelligence (left hand)
 E - the ring of Useuttoa {rCorr Dex+6}
   (You found it in the Dungeon)

   [ring of dexterity]

   It affects your dexterity (+6).
   It protects you from acid and corrosion.
 F - an amulet of reflection (around neck)
 G - the ring "Qafoukhla" (right hand) {Wiz rElec rC+ Int+7}
   (You found it in the Dungeon)

   [ring of wizardry]

   It improves your spell success rate.
   It affects your intelligence (+7).
   It protects you from cold.
   It insulates you from electricity.
Wands
 y - a wand of mindburst (6)
 z - a wand of iceblast (1)
Scrolls
 m - 4 scrolls of amnesia
 n - 7 scrolls of fog
 o - a scroll of holy word
 p - 5 scrolls of identify
 q - 2 scrolls of fear
 s - a scroll of brand weapon
Potions
 b - 2 potions of brilliance
 c - 10 potions of curing
 d - 6 potions of heal wounds
 e - 10 potions of haste
 f - 7 potions of magic
 g - 3 potions of berserk rage
 i - 2 potions of invisibility
 j - 4 potions of resistance
 k - a potion of experience
 l - 5 potions of might
Miscellaneous
 h - a phantom mirror
 t - a box of beasts
 v - a condenser vane
 w - a piece from Xom's chessboard (15/15)
 x - a tin of tremorstones (1/2)
 B - a lightning rod (4/4)
 H - a piece from Xom's chessboard (15/15)


   Skills:
 + Level 12.4 Dodging
 - Level 4.0 Stealth
 + Level 0.8 Shields
 + Level 17.3 Spellcasting
 + Level 10.3 Conjurations
 + Level 4.5 Hexes
 + Level 19.1 Fire Magic
 + Level 12.4 Evocations


You had 28 spell levels left.
You knew the following spells:

 Your Spells              Type           Power      Damage    Failure   Level
a - Foxfire               Conj/Fire      100%       2x1d9     0%          1
b - Conjure Flame         Conj/Fire      96%        6-21      0%          3
c - Inner Flame           Hex/Fire       88%        N/A       0%          3
d - Sticky Flame          Conj/Fire      96%        2d11      0%          4
e - Fireball              Conj/Fire      48%        3d19      1%          5

Your spell library contained the following spells:

 Spells                   Type           Power      Damage    Failure   Level
 Airstrike                Air            16%        N/A       1%          4
 Cause Fear               Hex            30%        N/A       1%          4
 Yara's Violent Unravell  Hex/Tmut       24%        3d11      1%          5
 Conjure Ball Lightning   Conj/Air       31%        3x3d10    2%          6
 Animate Dead             Necr           16%        N/A       4%          4
 Summon Lightning Spire   Summ/Air       32%        N/A       4%          4
 Silence                  Hex/Air        24%        N/A       4%          5
 Borgnjor's Vile Clutch   Necr/Erth      16%        N/A       12%         5
 Death Channel            Necr           16%        N/A       50%         6
 Simulacrum               Ice/Necr       16%        N/A       50%         6
 Discord                  Hex            30%        N/A       98%         8
 Tornado                  Air            16%        N/A       100%        9


Dungeon Overview and Level Annotations

Branches:
Dungeon (1/1)

Altars:
Ashenzari
Cheibriados
Dithmenos
Elyvilon
Fedhas
Gozag
Hepliaklqana
Kikubaaqudgha
Makhleb
Nemelex Xobeh
Okawaru
Qazlal
Ru
Sif Muna
Trog
Uskayaw
Vehumet
Wu Jian
Xom
Yredelemnul
Zin
The Shining One
Beogh
Jiyva
Lugonu


Message History

That's the wrong kind of item! (Use * to select it.) Evoke which item? (* to show all) (? for menu, Esc to quit)
Aiming: Corrosive Bolt
Press: ? - help, Shift-Dir - straight line, f - crystal guardian, p - crystal guardian
Aim: a crystal guardian (almost destroyed, covered in acid, 100% to hit)
The bolt of acid hits the crystal guardian!
The crystal guardian is splashed with acid.
The crystal guardian is almost destroyed.
The bolt of acid hits the crystal guardian!!
The crystal guardian is splashed with acid.
The crystal guardian seems to be corroded for longer.
You destroy the crystal guardian!
Vehumet accepts your kill. The crystal guardian hits you!!
* * * LOW HITPOINT WARNING * * *
Your tin of tremorstones (1/2) has regained one charge.
Your condenser vane has recharged.
Unknown command.
Unknown command.
Aiming: Corrosive Bolt
Press: ? - help, Shift-Dir - straight line, f - crystal guardian
Aim: a crystal guardian (almost destroyed, covered in acid, 100% to hit)
The bolt of acid hits the crystal guardian!!
The crystal guardian is splashed with acid.
The crystal guardian seems to be corroded for longer.
You destroy the crystal guardian!
Vehumet accepts your kill.
The bolt of acid hits the quicksilver dragon!!
The quicksilver dragon is splashed with acid.
The acid corrodes the quicksilver dragon!
The quicksilver dragon is heavily wounded.
The bolt of acid hits the iron golem!!
The iron golem is splashed with acid.
The acid corrodes the iron golem!
The iron golem is moderately damaged.
The bolt of acid hits the iron dragon!!
The iron dragon is splashed with acid.
The iron dragon is moderately wounded.
The now-empty wand crumbles to dust.
The quicksilver dragon completely misses you.
The quicksilver dragon claws you!
You die...

▓..}).})..▓
▓.§§E§§☼§.▓....}=|..▓
▓.§§ED§§§.▓..)[..)..▓
▓.§§E.....▓..)......▓
▓....D....▓.....)...▓
▓....88...▓....)....▓
▓.........▓.▓.....▓.▓
▓.▓..D..▓.▓....©....▓
▓....@....▓▓▓▓▓▓▓▓▓▓▓
▓▓▓▓▓▓▓▓▓▓▓


You could see 2 iron golems, 2 iron dragons, a quicksilver dragon (very
poisoned, corroded) and 3 earth elementals.

Vanquished Creatures
  2 crystal guardians (D)
  A mummy priest (D)
  A peacekeeper (D)
  4 vault guards (D)
  An ironbound frostheart (D)
  A death scarab (D)
  A spriggan druid (D)
  A necromancer (D)
  2 ugly things (D)
  A vault sentinel (D)
  A guardian mummy (D)
  A hornet (D)
  4 merfolk (D)
  2 slime creatures (D)
  2 large abominations (D)
  A dream sheep (D)
  A snapping turtle (D)
  3 spriggans (D)
  An ushabti (D)
  A yak (D)
  A basilisk (D)
  A fire bat (shapeshifter) (D)
  A water moccasin (shapeshifter) (D)
  A floating eye (D)
  2 black bears (D)
  A boggart (D)
  A wolf (D)
  A bullfrog (D)
  A small abomination (D)
  3 crimson imps (D)
  A quasit (D)
  A jelly (D)
  An orc priest (D)
  2 mummies (D)
  A river rat (D)
  A white imp (D)
  An ufetubus (D)
  2 orcs (D)
  A bat skeleton (D)
  A bat zombie (D)
  An endoplasm (D)
  A jackal (D)
59 creatures vanquished.

Notes
Turn   | Place    | Note
-------+----------+-------------------------------------------
     0 | D        | mhtbhm the Deep Elf Fire Elementalist began the quest for
                  | the Orb.
     0 | D        | Reached XP level 1. HP: 10/10 MP: 6/6
     0 | D        | Found a shimmering blue altar of Sif Muna.
     0 | D        | Found a bloodstained altar of Trog.
     0 | D        | Found a sacrificial altar of Ru.
     0 | D        | Found a stormy altar of Qazlal.
     0 | D        | Found an iron altar of Okawaru.
     1 | D        | Found a sparkling altar of Nemelex Xobeh.
     1 | D        | Found a blossoming altar of Fedhas.
     2 | D        | Found the +6 Majin-Bo {vamp, MP+6 Int+6}
     2 | D        | Found the +9 heavy crossbow "Sniper" {vorpal, Acc+∞ SInv}
     2 | D        | Found the +10 dark maul {vorpal}
     2 | D        | Found the +15 Maxwell's patent armour {-Cast -Tele rElec
                  | Will+ rCorr}
     2 | D        | Found the +18 shield of the Gong {rElec rN+ Will+ EV-5}
     2 | D        | Found the +14 obsidian axe {vorpal, Drain Fly SInv}
     2 | D        | Found the +7 great mace "Firestarter" {inner flame, rF++}
     2 | D        | Found the +6 shillelagh "Devastator" {shatter}
     2 | D        | Found the +11 plutonium sword {Contam Stlth-}
     2 | D        | Found the +8 lance "Wyrmbane" {slay drac, rPois rF+ rC+
                  | AC+3}
     2 | D        | Found the +9 sword of Zonguldrok {reap}
     2 | D        | Found the +13 scythe of Curses {drain, Drain}
     2 | D        | Found the +5 sword of Power {vorpal}
     2 | D        | Found the +7 mace of Variability {chain chaos}
     2 | D        | Found the +7 Singing Sword {vorpal, sonic wave}
     2 | D        | Found the +8 storm bow {elec, penet}
     3 | D        | Found a transporter.
     3 | D        | Found an ancient bone altar of Kikubaaqudgha.
     3 | D        | Found a viscous altar of Jiyva.
     3 | D        | Found a corrupted altar of Lugonu.
     3 | D        | Found a hazy altar of Hepliaklqana.
     3 | D        | Found a burning altar of Makhleb.
     3 | D        | Found an opulent altar of Gozag.
    12 | D        | Banished a spatial maelstrom
    35 | D        | Became a worshipper of Vehumet
    55 | D        | Entered arena 2.
    55 | D        | Noticed a crimson imp
    55 | D        | Found a transporter.
    56 | D        | Killed a crimson imp
    57 | D        | Reached skill level 6 in Fire Magic
    57 | D        | Reached XP level 2. HP: 15/15 MP: 6/9
    57 | D        | Reached XP level 3. HP: 19/19 MP: 7/11
    97 | D        | Learned a level 3 spell: Conjure Flame
   101 | D        | Learned a level 3 spell: Inner Flame
   101 | D        | Entered arena 3.
   101 | D        | Found a transporter.
   103 | D        | Reached * piety under Vehumet
   103 | D        | Offered knowledge of Freeze by Vehumet.
   106 | D        | Reached skill level 5 in Spellcasting
   106 | D        | Reached skill level 7 in Fire Magic
   106 | D        | Reached XP level 4. HP: 24/24 MP: 11/13
   286 | D        | Learned a level 4 spell: Sticky Flame
   287 | D        | Entered arena 4.
   287 | D        | Noticed a water moccasin
   287 | D        | Noticed a purple ugly thing
   287 | D        | Noticed a fire bat
   287 | D        | Noticed a purple ugly thing
   287 | D        | Found a transporter.
   291 | D        | Killed a fire bat
   291 | D        | Offered knowledge of Sandblast by Vehumet.
   291 | D        | Reached ** piety under Vehumet
   292 | D        | Reached skill level 5 in Dodging
   292 | D        | Reached skill level 1 in Hexes
   292 | D        | Reached skill level 9 in Fire Magic
   292 | D        | Reached XP level 5. HP: 28/28 MP: 13/16
   292 | D        | Killed a water moccasin
   293 | D        | Reached skill level 10 in Fire Magic
   293 | D        | Reached XP level 6. HP: 32/32 MP: 16/19
   294 | D        | Killed a purple ugly thing
   295 | D        | Reached skill level 10 in Spellcasting
   295 | D        | Reached skill level 12 in Fire Magic
   295 | D        | Reached XP level 7. HP: 36/36 MP: 19/22
   298 | D        | Killed a purple ugly thing
   299 | D        | Reached skill level 13 in Fire Magic
   299 | D        | Reached skill level 5 in Evocations
   299 | D        | Reached XP level 8. HP: 38/41 MP: 18/24
   336 | D        | Learned a level 5 spell: Fireball
   338 | D        | Entered arena 5.
   338 | D        | Noticed a merfolk
   338 | D        | Noticed a merfolk
   338 | D        | Noticed a merfolk
   338 | D        | Noticed a merfolk
   338 | D        | Found a transporter.
   340 | D        | Killed a merfolk
   340 | D        | Reached *** piety under Vehumet
   341 | D        | Reached skill level 14 in Fire Magic
   341 | D        | Killed a merfolk
   341 | D        | Killed a merfolk
   343 | D        | Killed a merfolk
   343 | D        | Reached **** piety under Vehumet
   559 | D        | Entered arena 6.
   559 | D        | Noticed a slime creature
   559 | D        | Noticed a slime creature
   559 | D        | Found a transporter.
   560 | D        | Offered knowledge of Poisonous Vapours by Vehumet.
   561 | D        | Reached skill level 15 in Fire Magic
   561 | D        | Reached XP level 9. HP: 45/45 MP: 23/27
   565 | D        | Reached skill level 10 in Dodging
   599 | D        | Entered arena 7.
   600 | D        | Reached ***** piety under Vehumet
   602 | D        | Found a transporter.
   718 | D        | Entered arena 8.
   718 | D        | Noticed a spriggan rider
   718 | D        | Noticed a spriggan druid
   719 | D        | Found the +7 Spriggan's Knife {stab, EV+4 Stlth+}
   719 | D        | Offered knowledge of Dazzling Flash by Vehumet.
   720 | D        | Reached skill level 16 in Fire Magic
   720 | D        | Killed a spriggan druid
   721 | D        | Reached skill level 5 in Conjurations
   722 | D        | Killed a spriggan rider
   722 | D        | Reached ****** piety under Vehumet
   723 | D        | Reached skill level 17 in Fire Magic
   723 | D        | Reached XP level 10. HP: 50/50 MP: 20/30
   723 | D        | Found a transporter.
   770 | D        | Entered arena 9.
   770 | D        | Noticed a mummy priest
   770 | D        | Noticed a death scarab
   773 | D        | Found a transporter.
   774 | D        | Killed a mummy priest
   781 | D        | Reached skill level 15 in Spellcasting
   781 | D        | Killed a death scarab
   800 | D        | Got the ring of Useuttoa {rCorr Dex+6}
   802 | D        | Got the ring "Qafoukhla" {Wiz rElec rC+ Int+7}
   815 | D        | Entered arena 10.
   821 | D        | Reached skill level 10 in Evocations
   831 | D        | Found a transporter.
   977 | D        | Entered arena 11.
   977 | D        | Noticed a vault guard
   977 | D        | Noticed a vault guard
   977 | D        | Noticed a necromancer
   977 | D        | Noticed a vault guard
   977 | D        | Noticed a vault sentinel
   977 | D        | Noticed an ironbound frostheart
   977 | D        | Noticed a vault guard
   977 | D        | Noticed a peacekeeper
   978 | D        | Offered knowledge of Ignite Poison by Vehumet.
   981 | D        | Killed a necromancer
   982 | D        | Reached skill level 18 in Fire Magic
   982 | D        | Killed a vault guard
   982 | D        | Killed a vault sentinel
   983 | D        | Reached XP level 11. HP: 18/54 MP: 27/33
   983 | D        | Found a transporter.
   983 | D        | HP: 2/54 [ironbound frostheart/frost (16)]
   985 | D        | Killed an ironbound frostheart
   985 | D        | Killed a peacekeeper
   985 | D        | Killed a vault guard
   986 | D        | Killed a vault guard
   988 | D        | Killed a vault guard
   989 | D        | Reached skill level 10 in Conjurations
  1146 | D        | Entered arena 12.
  1146 | D        | Noticed a crystal guardian
  1146 | D        | Noticed a crystal guardian
  1146 | D        | Noticed an iron golem
  1146 | D        | Noticed an iron golem
  1148 | D        | Offered knowledge of Airstrike by Vehumet.
  1148 | D        | Noticed an iron dragon
  1149 | D        | Reached skill level 19 in Fire Magic
  1149 | D        | Noticed a quicksilver dragon
  1149 | D        | Noticed an iron dragon
  1152 | D        | Killed a crystal guardian
  1153 | D        | Killed a crystal guardian
  1153 | D        | Mangled by a quicksilver dragon

Illustrated notes

Levels and vault maps discovered:
D:        sprint_v [room_start, room_1, room_2, room_3, room_4, room_5, room_6,
          room_7, room_8, room_9, room_10, room_11, room_12, room_13, room_14,
          room_15, room_16, room_17, room_18, room_19, room_20, room_21,
          room_22, room_23, room_24, room_25, room_26, room_27]

Skill      XL: |  1  2  3  4  5  6  7  8  9 10 11 |
---------------+----------------------------------+-----
Dodging        | 3 4 5 6 7 8 9 11 12 | 12.4
Stealth        | 3 4 |  4.0
Spellcasting   | 4 5 7 8 10 12 14 16 17 | 17.3
Fire Magic     | 6 7 9 10 12 13 15 17 18 19 | 19.1
Hexes          | 1 2 3 4 |  4.5
Evocations     | 2 3 4 5 6 9 10 12 | 12.4
Conjurations   | 2 3 5 8 10 | 10.3
Shields        | |  0.8

Action                   |  1- 3 |  4- 6 |  7- 9 | 10-12 || total
-------------------------+-------+-------+-------+-------++-------
 Cast: Inner Flame       |     1 |       |       |       ||     1
       Sticky Flame      |       |       |     1 |     1 ||     2
       Fireball          |       |       |    14 |    11 ||    25
Evoke: Wand              |     2 |     4 |       |     8 ||    14
       Lightning rod     |     2 |     2 |     5 |     5 ||    14
       Condenser vane    |       |       |       |     3 ||     3
       Tin of tremorston |       |       |       |     3 ||     3
  Use: Scroll            |       |     1 |       |     3 ||     4
       Potion            |       |       |       |     4 ||     4
Armor: Robe              |       |     2 |     1 |       ||     3
Dodge: Dodged            |       |     2 |     2 |     9 ||    13
Block: Other             |       |       |       |     1 ||     1

Table legend: (Time is in decaauts)
 A = Elapsed time spent in this place.
 B = Non-inter-level travel time spent in this place.
 C = Inter-level travel time spent in this place.
 D = Time resting spent in this place.
 E = Time spent auto-exploring this place.
 F = Levels seen in this place.
 G = Mean time per level.
                   A        B        C        D        E       F      G
               +--------+--------+--------+--------+--------+-----+--------+
         Total |   1168 |   1168 |      0 |    824 |      0 |   1 | 1168.0 |
       Dungeon |   1168 |   1168 |      0 |    824 |      0 |   1 | 1168.0 |
               +--------+--------+--------+--------+--------+-----+--------+

Top non-repeatable levels by time:
       D: 1168 daAuts
